[Event "*** Titled Tuesday Blitz"]
[Site "Chess.com"]
[Date "2020.04.21"]
[Round "9"]
[White "benko_008"]
[Black "Zubrrr"]
[Result "0-1"]
[WhiteElo "2509"]
[BlackElo "2664"]
[TimeControl "180+1"]
[EndTime "11:49:49 PDT"]
[Termination "Zubrrr won by resignation"]

1. Nf3 f5 2. d4 Nf6 3. g3 g6 4.
Bg2 Bg7 5. O-O O-O 6. b3 d6 7.
Bb2 Qe8 8. Nbd2 a5 9. a4 Nc6 10. Nc4 Nb4 11. Nfd2 Qf7 12. e3 c6 13. Nb6 Rb8 14. Ndc4 Be6 15. Nxa5 Nbd5 16. Nac4 g5 17. a5 h5 18. Nd2 Nc7 19. c4 Qg6 20. Nf3 Ne4 21.
Qe2 Bf6 22. d5 cxd5 23. cxd5 Nxd5 24. Nxd5 Bxd5 25. Bxf6 Qxf6 26. Nd4 h4 27. f3 Nc5 28. b4 Nd7 29. Rad1 Ne5 30. f4 Bxg2 31. fxe5 Bxf1 32. exf6 Bxe2 33. fxe7 Bxd1 34. exf8=Q+ Rxf8 35. Kf2 hxg3+ 36. hxg3 f4 37. exf4 gxf4 38. gxf4 Rxf4+ 39. Ke3 Rf6 40. Nb5 Ba4 41. Nc3 Bc6 42. b5 Rf3+ 43. Kd4 Rxc3 44. Kxc3 Bxb5 45. Kb4 Ba6 46. Kc3 Kf7 47. Kd4 Ke6 48.
Ke4 d5+ 49. Kd4 Kd6 0-1

[Event "*** Titled Tuesday Blitz"]
[Site "Chess.com"]
[Date "2020.04.21"]
[Round "9"]
[White "Karacsonyi_Gellert"]
[Black "ZAbdumalik"]
[Result "1/2-1/2"]
[WhiteElo "2519"]
[BlackElo "2681"]
[TimeControl "180+1"]
[EndTime "11:49:50 PDT"]
[Termination "Game drawn by repetition"]

1. e4 e5 2. Nf3 Nc6 3. Bb5 a6 4. Bxc6 dxc6 5. O-O f6 6. d4 exd4 7. Nxd4 Bd6 8. Nc3 Ne7 9. Be3 c5 10. Nb3 b6 11. Qe2 Be6 12. Rad1 O-O 13. Bf4 Qb8 14. Bxd6 cxd6 15. Nd5 Nxd5 16. exd5 Bf5 17. c3 Re8 18. Qh5 Bg6 19. Qh3 Qb7 20. c4 Re7 21. Rfe1 Rae8 22. Qc3 Qd7 23. Nc1 Qg4 24. f3 Qh4 25. g3 Qh5 26. Rxe7 Rxe7 27. Re1 Re5 28. f4 Re4 29.
Rxe4 Bxe4 30. Qe3 Qd1+ 31. Kf2 f5 32. Qe1 Qc2+ 33. Ne2 Qxb2 34. Qc3 Qxa2 35. g4 b5 36. gxf5 b4 37. Qe3 Qxc4 38. Ng3 Qc2+ 39. Ke1 Qb1+ 40. Kf2 Qa2+ 41. Ke1 Qb1+ 42. Kf2 Qb2+ 43. Ke1 Qb1+ 1/2-1/2

[Event "*** Titled Tuesday Blitz"]
[Site "Chess.com"]
[Date "2020.04.21"]
[Round "9"]
[White "ferch1ni"]
[Black "woodhy"]
[Result "0-1"]
[WhiteElo "2302"]
[BlackElo "2301"]
[TimeControl "180+1"]
[EndTime "11:49:50 PDT"]
[Termination "woodhy won by resignation"]

1. e4 e6 2. d4 d5 3. e5 c5 4. c3 Nc6 5. Nf3 Nge7 6. a3 a5 7. Bd3 cxd4 8. cxd4 Bd7 9. Nc3 Qb6 10. Na4 Qa7 11.
Nc5 Bc8 12. Be3 b6 13. Na4 Ba6 14. O-O Bxd3 15. Qxd3 Qa6 16. Qxa6 Rxa6 17. Nc3 h6 18. Nb5 Kd7 19. Rfc1 Nf5 20. g4 Nxe3 21. fxe3 Be7 22.
Rf1 Na7 23. Nc3 b5 24. Ne1 f6 25. Nd3 Rf8 26. b4 Rc6 27. Rac1 axb4 28. axb4 Rc4 29.
exf6 gxf6 30. Rf2 Rfc8 31. Nc5+ Bxc5 32. bxc5 b4 33. Ne2 Ke7 34. Kf1 Nb5 35. Ke1 Ra8 36. Kd1 Ra2 37. Rf3 b3 38. Rb1 Rxe2 39. Rxb3 Rxh2 40.
Rxb5 Ra4 41. Rb7+ Ke8 42. Rb1 Raa2 43. c6 Rh1+ 0-1

[Event "*** Titled Tuesday Blitz"]
[Site "Chess.com"]
[Date "2020.04.21"]
[Round "9"]
[White "violetflower04"]
[Black "Akhayan"]
[Result "1/2-1/2"]
[WhiteElo "2215"]
[BlackElo "2247"]
[TimeControl "180+1"]
[EndTime "11:49:50 PDT"]
[Termination "Game drawn by repetition"]

1. b3 e6 2. Bb2 Nf6 3. e3 d5 4. Nf3 c5 5. c4 Nc6 6. d4 cxd4 7. exd4 Bb4+ 8. Nbd2 Ne4 9. a3 Bxd2+ 10. Nxd2 Nxd2 11. Qxd2 O-O 12. Be2 dxc4 13. bxc4 Ne7 14.
O-O Bd7 15. d5 exd5 16. cxd5 Nf5 17. Rac1 Rc8 18. Rxc8 Bxc8 19. Qc3 Qg5 20. Rd1 Re8 21.
Bb5 Rd8 22. Rc1 Nd6 23. Be2 h5 24. h4 Qh6 25. Bxh5 Ne4 26. Qc7 Rf8 27. Bxf7+ Kh7 28. g3 Qd2 29. Rc2 Qd1+ 30. Kg2 Bg4 31. Qc4 Qf3+ 32. Kf1 Bh3+ 33. Ke1 Bg4 34. Qe2 Qh1+ 35. Qf1 Qf3 36. Qe2 Qh1+ 37. Qf1 Qf3 38. Qe2 1/2-1/2

[Event "*** Titled Tuesday Blitz"]
[Site "Chess.com"]
[Date "2020.04.21"]
[Round "9"]
[White "jefferyx"]
[Black "regular_legs"]
[Result "1-0"]
[WhiteElo "2860"]
[BlackElo "2595"]
[TimeControl "180+1"]
[EndTime "11:49:51 PDT"]
[Termination "jefferyx won by resignation"]

1. c4 c5 2. Nf3 Nf6 3. Nc3 e6 4.
g3 b6 5. Bg2 Bb7 6. O-O Be7 7.
d4 cxd4 8. Qxd4 O-O 9. Bg5 h6 10.
Bxf6 Bxf6 11. Qd2 Na6 12. Rac1 Nc5 13. Rfd1 a6 14. b4 Ne4 15. Nxe4 Bxe4 16. Ne1 Bxg2 17. Nxg2 Ra7 18. Ne3 Bg5 19. Rc3 Qc8 20. Qd6 Qc7 21.
Ng4 Rb8 22. Ne5 Bf6 23. f4 Qxd6 24. Rxd6 Bxe5 25. fxe5 Kf8 26. Kf2 Ke7 27. Ke3 f6 28. Kd4 a5 29. b5 Rc7 30. c5 fxe5+ 31. Kxe5 Rxc5+ 32. Rxc5 bxc5 33. a4 c4 34. e4 c3 35.
Rd1 Rc8 36. Kd4 Kd6 37. e5+ Ke7 38. Rc1 c2 39. Kd3 Rc5 40. Rxc2 Rxe5 41. b6 Rd5+ 42. Ke4 Rd1 43. Rb2 d5+ 44. Ke3 1-0

[Event "*** Titled Tuesday Blitz"]
[Site "Chess.com"]
[Date "2020.04.21"]
[Round "9"]
[White "Volodar_Murzin"]
[Black "eightbyeightchess"]
[Result "1-0"]
[WhiteElo "2645"]
[BlackElo "2471"]
[TimeControl "180+1"]
[EndTime "11:49:51 PDT"]
[Termination "Volodar_Murzin won by resignation"]

1. d4 d5 2. Nf3 Nf6 3. Bf4 Bf5 4. Nbd2 e6 5. e3 Bd6 6. Bg3 Ne4 7. Nxe4 Bxe4 8. Bd3 f5 9. Ne5 O-O 10. f3 Bxd3 11.
Nxd3 Bxg3+ 12. hxg3 Qg5 13. Kf2 Nd7 14. Qg1 h6 15. Qh2 a5 16. Qh4 Qg6 17. a4 Rac8 18. c3 Rf7 19. Nf4 Qf6 20. Qxf6 Rxf6 21. b4 axb4 22.
cxb4 Ra8 23. Rhc1 c6 24. a5 g5 25. Nd3 Rff8 26. a6 Rxa6 27. Rxa6 bxa6 28. Rxc6 Kf7 29. Rxa6 Kf6 30. Nc5 Nxc5 31. dxc5 Rb8 32. Rb6 Ra8 33. b5 Ra2+ 34. Kg1 Rc2 35. c6 Ke7 36. Rb7+ Kd8 37. Kf1 h5 38. Rd7+ Kc8 39. Rd6 Rb2 40. Rxe6 Rxb5 41. Re5 Kc7 42. Rxf5 Kxc6 43. Rxg5 Rb1+ 44. Kf2 Rb2+ 45. Kg1 Rb1+ 46. Kh2 Re1 47. Re5 Kd6 48. f4 Re2 49. g4 hxg4 50. Kg3 Rd2 51. Re8 Re2 52.
f5 d4 53. Re6+ Kd7 54. exd4 Rd2 55. Re4 Kd6 56. f6 1-0

[Event "*** Titled Tuesday Blitz"]
[Site "Chess.com"]
[Date "2020.04.21"]
[Round "9"]
[White "FMJoseHerrera"]
[Black "fabianvivasz"]
[Result "0-1"]
[WhiteElo "2607"]
[BlackElo "2419"]
[TimeControl "180+1"]
[EndTime "11:49:51 PDT"]
[Termination "fabianvivasz won by checkmate"]

1. Nf3 c5 2. g3 Nf6 3. Bg2 g6 4. d3 Bg7 5. Nc3 O-O 6. h4 d5 7. h5 Nxh5 8. Bg5 Nc6 9. Qd2 Bg4 10. Bh6 Nd4 11. Nxd4 cxd4 12. Nxd5 e6 13. Bxg7 Kxg7 14.
Nf4 Nxf4 15. Qxf4 h5 16. f3 Bf5 17. g4 g5 18. Qh2 Bg6 19. gxh5 Rh8 20. h6+ Kh7 21. f4 Qa5+ 22. Kf2 Qd2 23. fxg5 Qe3+ 24. Ke1 Rac8 25. Qg1 Qxg5 26. Qxd4 e5 27. Qf2 Rxc2 28. Bf3 Rc1+ 29. Rxc1 Qxc1# 0-1

[Event "*** Titled Tuesday Blitz"]
[Site "Chess.com"]
[Date "2020.04.21"]
[Round "9"]
[White "Yeytruyol"]
[Black "mirochka"]
[Result "0-1"]
[WhiteElo "2354"]
[BlackElo "2194"]
[TimeControl "180+1"]
[EndTime "11:49:51 PDT"]
[Termination "mirochka won by checkmate"]

1. e4 c5 2. d4 cxd4 3. c3 dxc3 4. Nxc3 Nc6 5. Nf3 e6 6. Bc4 Nge7 7. Bg5 Qa5 8. O-O a6 9. Re1 Ng6 10. a3 b5 11. Ba2 Qb6 12. Nd5 Qb8 13. Rc1 Bd6 14. h4 O-O 15. h5 Nge5 16. Nxe5 Bxe5 17. h6 exd5 18. hxg7 Bxg7 19. exd5 Ne5 20. d6 Bb7 21. f4 Qa7+ 22. Kh2 Nc4 23. Qg4 Kh8 24. Rc3 Qf2 25.
Rg3 Qxe1 26. Bxc4 bxc4 27. Bh4 Rg8 28. Rh3 Qe4 29. Bg5 Qxg2+ 30. Qxg2 Bxg2 31. Kxg2 Bxb2 32. Kf3 f6 33. Rh6 fxg5 34. fxg5 Raf8+ 35. Ke4 Re8+ 36. Kd5 Re6 37. Kxc4 Rxh6 38. gxh6 Bxa3 39. Kd5 Bxd6 40. Kxd6 Rg6+ 41. Kxd7 Rxh6 42. Ke8 a5 43. Kf8 a4 44. Kf7 a3 45. Kf8 a2 46. Kf7 a1=Q 47.
Kf8 Qa7 48. Ke8 Rb6 49. Kf8 Rb8# 0-1

[Event "*** Titled Tuesday Blitz"]
[Site "Chess.com"]
[Date "2020.04.21"]
[Round "9"]
[White "GMKrikor"]
[Black "Zq1"]
[Result "1/2-1/2"]
[WhiteElo "2717"]
[BlackElo "2577"]
[TimeControl "180+1"]
[EndTime "11:49:52 PDT"]
[Termination "Game drawn by repetition"]

1. d4 Nf6 2. c4 a6 3. Nf3 e6 4.
g3 c5 5. Bg2 cxd4 6. Nxd4 Qc7 7. O-O Qxc4 8. Nc3 Nc6 9. Nb3 Qb4 10. Bf4 d5 11. Rc1 Qb6 12. e4 dxe4 13. Nxe4 Nxe4 14. Bxe4 Be7 15. Qc2 h6 16. Rfd1 O-O 17. Bxc6 bxc6 18. Be3 Qb8 19. Bc5 Bxc5 20. Qxc5 Qa7 21. Na5 Qxc5 22.
Rxc5 e5 23. Rxe5 Be6 24. b3 Bd5 25. Rc1 Rac8 26. Nb7 Rfe8 27. Rce1 Rxe5 28. Rxe5 Kf8 29. Nc5 a5 30. f4 f6 31. Re3 Kf7 32. Kf2 Rb8 33.
Rd3 Rb5 34. Rc3 g5 35. Ke3 Rb8 36. Rd3 Re8+ 37. Kd2 gxf4 38. gxf4 Rg8 39. Rg3 Re8 40. Re3 Rg8 41. Rg3 Re8 42. Nb7 Rb8 43. Nc5 Re8 1/2-1/2

[Event "*** Titled Tuesday Blitz"]
[Site "Chess.com"]
[Date "2020.04.21"]
[Round "9"]
[White "JiaHaoxiang"]
[Black "BIG_Pirate"]
[Result "1-0"]
[WhiteElo "2572"]
[BlackElo "2400"]
[TimeControl "180+1"]
[EndTime "11:49:52 PDT"]
[Termination "JiaHaoxiang won on time"]

1. Nf3 d5 2. d4 Nf6 3. c4 c6 4. Nc3 e6 5. e3 Nbd7 6. Qc2 Bd6 7.
g4 h6 8. Rg1 O-O 9. h4 e5 10.
cxd5 Nxd5 11. g5 h5 12. g6 fxg6 13. Rxg6 Bb4 14. Ng5 N7f6 15. Bc4 Qe8 16. Bd2 exd4 17. Nxd5 Bxd2+ 18. Kxd2 cxd5 19. Rxf6 dxe3+ 20. fxe3 Rxf6 21. Qh7+ Kf8 22. Qh8+ Ke7 23. Qxg7+ Rf7 24. Qe5+ Kf8 25.
Qd6+ Qe7 26. Qh6+ Ke8 27. Nxf7 Qxf7 28. Rf1 Qe7 29. Bb5+ Kd8 30. Rf8+ Kc7 31. Qf4+ Kb6 32. Bd3 Qc5 33. Rf6+ Ka5 34. a3 Qb6 35. b4+ Ka4 36. Rxb6 axb6 37. b5+ Kxa3 38. Bc2 1-0

[Event "*** Titled Tuesday Blitz"]
[Site "Chess.com"]
[Date "2020.04.21"]
[Round "9"]
[White "ALEXJR20"]
[Black "Gandrade2"]
[Result "1-0"]
[WhiteElo "2219"]
[BlackElo "1974"]
[TimeControl "180+1"]
[EndTime "11:49:52 PDT"]
[Termination "ALEXJR20 won on time"]

1. d4 d5 2. c4 e6 3. Nf3 Nf6 4. g3 Be7 5. Bg2 O-O 6. O-O Nc6 7. Nc3 a6 8. a3 Rb8 9. cxd5 exd5 10. Qc2 Na5 11. b3 Re8 12. Bf4 Bd6 13. Ne5 Qe7 14. Rfe1 Be6 15. Rab1 Bxa3 16. e4 dxe4 17. Nxe4 Nxe4 18.
Bxe4 g6 19. Bd2 Bb4 20. Bd3 Qd6 21. Nc4 Nxc4 22. Bxb4 Qxb4 23. bxc4 Qd6 24. d5 Bh3 25. Be4 Qc5 26. Qd3 b6 27. Bf3 a5 28. Re4 Rxe4 29.
Qxe4 Bf5 30. Qe1 Bxb1 31. Qxb1 Qxc4 32. h4 Re8 33. h5 Qc3 34. Kg2 gxh5 35. Qb5 Qe5 36.
Qc6 Kg7 37. Bxh5 Re7 38. Bf3 h6 39. Qc2 Qg5 40. Qc3+ Qf6 41. Qd3 Qe5 42. Qc4 Qd6 43.
Qg4+ Qg6 44. Qc4 Qf6 45. Qg4+ Kf8 46. Qh5 Qg7 47. Qf5 1-0

[Event "*** Titled Tuesday Blitz"]
[Site "Chess.com"]
[Date "2020.04.21"]
[Round "9"]
[White "reniite"]
[Black "Playgood28"]
[Result "0-1"]
[WhiteElo "1945"]
[BlackElo "2179"]
[TimeControl "180+1"]
[EndTime "11:49:52 PDT"]
[Termination "Playgood28 won on time"]

1. e4 e5 2. Nf3 d6 3. Bc4 Be7 4. d4 exd4 5. O-O Nf6 6. Nxd4 O-O 7. Nc3 Nxe4 8. Nxe4 d5 9. Bxd5 Qxd5 10. Nc3 Qd8 11. Be3 Bf6 12. Ne4 Bxd4 13. Bxd4 Nc6 14. Bc3 Qxd1 15.
Raxd1 Bf5 16. Nc5 b6 17. Na6 Bxc2 18. Rd7 Rac8 19. Rc1 Rfd8 20. Rxc7 Bd3 21. Rd1 Bxa6 22.
Rxd8+ Rxd8 23. f4 Rc8 24. Rd7 Kf8 25. f5 Ke8 26. Rd2 f6 27. Kf2 Rd8 28. Rc2 Nd4 29. Rc1 Kf7 30. Re1 Nc2 31. Rc1 Nd4 32. g4 h5 33. h3 hxg4 34. hxg4 Nb5 35. Bb4 Rc8 0-1

[Event "*** Titled Tuesday Blitz"]
[Site "Chess.com"]
[Date "2020.04.21"]
[Round "9"]
[White "jfriedel"]
[Black "12teen"]
[Result "0-1"]
[WhiteElo "2606"]
[BlackElo "2775"]
[TimeControl "180+1"]
[EndTime "11:49:53 PDT"]
[Termination "12teen won on time"]

1. d4 a6 2. e4 b5 3. Nf3 Bb7 4. Bd3 e6 5. O-O Nf6 6. Re1 d5 7. e5 Nfd7 8. Nbd2 c5 9. c3 Nc6 10. Nf1 Be7 11. Ng3 h5 12. Ne2 g5 13. dxc5 Nxc5 14.
Ned4 Na5 15. Bc2 Nc4 16. b3 Nb6 17. a4 bxa4 18. bxa4 Ne4 19. a5 Nc4 20. Bxe4 dxe4 21.
Nxg5 Nxe5 22. Qa4+ Qd7 23. Qxd7+ Kxd7 24. Nxe4 Rhg8 25.
Ba3 f5 26. Ng3 Bxa3 27. Rxa3 Nc4 28. Rb3 Bd5 29. f3 h4 30. Nh5 Raf8 31. Nf4 Rf6 32.
Nxd5 exd5 33. Rb7+ Kd6 34. Ree7 Ne5 35. Ra7 f4 36. Reb7 Kc5 37. Rc7+ Kd6 38. Rh7 Kc5 0-1

[Event "*** Titled Tuesday Blitz"]
[Site "Chess.com"]
[Date "2020.04.21"]
[Round "9"]
[White "Phenix2k"]
[Black "Violord"]
[Result "0-1"]
[WhiteElo "2320"]
[BlackElo "2617"]
[TimeControl "180+1"]
[EndTime "11:49:53 PDT"]
[Termination "Violord won on time"]

1. d4 Nf6 2. c4 e6 3. Nc3 Bb4 4. Qc2 O-O 5. e4 d6 6. e5 dxe5 7. dxe5 Nfd7 8. Nf3 Nc6 9. a3 Bc5 10. Bf4 f6 11. Ne4 fxe5 12. Nxc5 Nxc5 13. Be3 Nd4 14. Bxd4 exd4 15. b4 e5 16. bxc5 Bf5 17. Qd2 Qe7 18. Be2 d3 19. Bd1 e4 20. Nd4 Bd7 21. O-O Qxc5 22.
Nb3 Qe5 23. Rc1 Rae8 24. Qe3 b6 25. f4 Qf6 26. Nd2 Bc6 27. c5 b5 28. g4 Kh8 29.
Rf2 a5 30. h3 a4 31. g5 Qe7 32. Bg4 b4 33. axb4 a3 34. Ra1 Ra8 35. f5 Qe5 36. Rff1 a2 37. f6 gxf6 38. g6 f5 39. Qh6 Qg7 40.
Qxg7+ Kxg7 41. Bxf5 e3 42. Bxd3 exd2 43. Rfd1 Ra3 44. Rxd2 Rd8 45. gxh7 Rdxd3 46. Rxd3 Rxd3 47. Rxa2 Kxh7 48. Rb2 Bb5 49. Rf2 c6 50. Rf7+ Kg6 51.
Rf8 Rd4 0-1

[Event "*** Titled Tuesday Blitz"]
[Site "Chess.com"]
[Date "2020.04.21"]
[Round "9"]
[White "kakakz"]
[Black "velemajstor767276"]
[Result "1-0"]
[WhiteElo "2391"]
[BlackElo "2502"]
[TimeControl "180+1"]
[EndTime "11:49:55 PDT"]
[Termination "kakakz won on time"]

1. d4 Nf6 2. c4 e6 3. Nf3 c5 4.
Nc3 cxd4 5. Nxd4 a6 6. g3 Qc7 7. Bg2 h5 8. Bg5 Bb4 9. Rc1 Nc6 10. O-O Ne5 11. Bf4 Be7 12. c5 d6 13. Ncb5 axb5 14. Nxb5 Qa5 15. a4 Ned7 16. Bxd6 Bxd6 17. Qxd6 Kd8 18.
c6 bxc6 19. Bxc6 Ra6 20. Rfd1 h4 21. b4 Qb6 22. a5 Qxf2+ 23. Kxf2 Ne4+ 24. Bxe4 Rxd6 25.
Rxd6 Ke7 26. Rc7 hxg3+ 27. hxg3 f5 28. Bg2 Kf6 29. Rdxd7 Bxd7 30. Rxd7 Rb8 31. a6 1-0

[Event "*** Titled Tuesday Blitz"]
[Site "Chess.com"]
[Date "2020.04.21"]
[Round "9"]
[White "szefru"]
[Black "binbin239"]
[Result "0-1"]
[WhiteElo "2159"]
[BlackElo "2449"]
[TimeControl "180+1"]
[EndTime "11:49:55 PDT"]
[Termination "binbin239 won by resignation"]

1. e4 c5 2. Nf3 Nc6 3. Bb5 g6 4.
Nc3 Bg7 5. O-O Nf6 6. h3 O-O 7. Bxc6 bxc6 8. e5 Nd5 9. Ne4 d6 10. exd6 exd6 11. d3 Nb6 12. Bg5 Qc7 13. Bf4 Rd8 14.
Nxc5 Nd5 15. Bg3 Bxb2 16. Ne4 Bf5 17. Nfd2 Nc3 18. Nxc3 Bxc3 19. Rb1 Qa5 20. Nc4 Qc5 21. Rb3 Bg7 22. Rb7 Be6 23. Nd2 d5 24. Nb3 Qc3 25.
Bc7 Rd7 26. Ba5 Qf6 27. Rxd7 Bxd7 28. d4 Qg5 29. Kh2 Re8 30. Nc5 Bf5 31. Bd2 Qe7 32.
c3 Qe2 33. Qc1 Qc4 34. Re1 Re2 35. Rxe2 Qxe2 36. Kg1 Bf8 37. Nb3 Qa6 38. Qb2 Ba3 39.
Qa1 Qd3 40. Qe1 Qc2 41. Qe8+ Kg7 42. Qxc6 Qxa2 43. Qxd5 Qb1+ 44. Kh2 Qc2 45. Qe5+ f6 46. Qe7+ Bxe7 0-1

[Event "*** Titled Tuesday Blitz"]
[Site "Chess.com"]
[Date "2020.04.21"]
[Round "9"]
[White "Pavlov_Sergey"]
[Black "KNVB"]
[Result "1-0"]
[WhiteElo "2658"]
[BlackElo "2754"]
[TimeControl "180+1"]
[EndTime "11:49:56 PDT"]
[Termination "Pavlov_Sergey won on time"]

1. c4 c5 2. Nf3 b6 3. g3 Bb7 4. Bg2 Nf6 5. O-O e6 6. Nc3 a6 7. Re1 d6 8. e4 Be7 9. d4 cxd4 10. Nxd4 Qc7 11. Be3 O-O 12. f4 Nbd7 13. Rc1 Nc5 14. Bf2 Rac8 15. g4 g6 16. b4 Ncd7 17. Be3 Rfe8 18. g5 Nh5 19. f5 exf5 20. Nxf5 Bf8 21.
Nd5 Bxd5 22. cxd5 Qd8 23. Rxc8 Qxc8 24. Nd4 Ne5 25. Qe2 b5 26. Rc1 Nc4 27. a4 Qd7 28.
axb5 Nxe3 29. Qxe3 axb5 30. Bf3 Qh3 31. Nxb5 Bg7 32.
Nxd6 Be5 33. Nxe8 Bxh2+ 34. Kf2 Bf4 35. Nf6+ Kh8 36. Qd4 Qh2+ 37. Ke1 Qg3+ 38. Ke2 Qh2+ 39. Kd1 1-0

[Event "*** Titled Tuesday Blitz"]
[Site "Chess.com"]
[Date "2020.04.21"]
[Round "9"]
[White "SlavenPastar"]
[Black "Rinas_Oleg"]
[Result "0-1"]
[WhiteElo "2376"]
[BlackElo "2275"]
[TimeControl "180+1"]
[EndTime "11:49:56 PDT"]
[Termination "Rinas_Oleg won by checkmate"]

1. d4 Nf6 2. c4 g6 3. Nc3 d5 4.
cxd5 Nxd5 5. Nf3 Bg7 6. e3 O-O 7. Bd2 c5 8. Be2 Nc6 9. dxc5 Nxc3 10. Bxc3 Bxc3+ 11. bxc3 Qa5 12. O-O Qxc5 13. Nd4 Ne5 14. Qb3 b6 15. f4 Ng4 16. c4 Bd7 17. h3 Nf6 18. Bf3 Rad8 19. Kh2 h5 20. Rad1 Qa5 21.
e4 Ba4 22. Qb2 Bxd1 23. Rxd1 Qc5 24. e5 Nh7 25. e6 Nf6 26. exf7+ Kxf7 27. Nc6 Rxd1 28.
Ne5+ Kg7 29. Bxd1 Qe3 30. g3 Rd8 31. Qb1 Rd2+ 32. Kh1 Ne4 33. Bf3 Nxg3# 0-1

[Event "*** Titled Tuesday Blitz"]
[Site "Chess.com"]
[Date "2020.04.21"]
[Round "9"]
[White "CzechmVIII"]
[Black "serhanberat_ozdemir"]
[Result "0-1"]
[WhiteElo "2228"]
[BlackElo "2393"]
[TimeControl "180+1"]
[EndTime "11:49:56 PDT"]
[Termination "serhanberat_ozdemir won by checkmate"]

1. e4 c5 2. Nf3 e6 3. Nc3 a6 4. g3 b5 5. d4 cxd4 6. Nxd4 Bb7 7. Bg2 Nf6 8. O-O b4 9. Na4 Bxe4 10.
Bxe4 Nxe4 11. Re1 Nc5 12. c3 bxc3 13. Nxc3 Be7 14. Be3 O-O 15. Rc1 f5 16. Nce2 Ne4 17. f3 Nf6 18. Bg5 h6 19. Bxf6 Bxf6 20. Nxf5 Qb6+ 21. Kg2 Kh8 22. Nd6 Nc6 23. Ne4 Ne5 24. Nf4 Bg5 25. Nxg5 hxg5 26. Rxe5 gxf4 27. Rh5+ Kg8 28.
Qc2 Rac8 29. Qh7+ Kf7 30. Rxc8 Rxc8 31. Rg5 Qxb2+ 32. Kh3 Qf6 33. gxf4 Rc3 34. Qh5+ g6 35.
Qh7+ Qg7 36. Qxg7+ Kxg7 37. Kg3 Ra3 38. Rc5 Kf6 39.
Rc7 d5 40. h4 Rxa2 41. Rc6 a5 42. Ra6 a4 43. h5 gxh5 44. Kh4 a3 45. Kxh5 Ra1 46. f5 Kxf5 47. Ra8 Rh1# 0-1

[Event "*** Titled Tuesday Blitz"]
[Site "Chess.com"]
[Date "2020.04.21"]
[Round "9"]
[White "EvgenyRomanov"]
[Black "Sanyura"]
[Result "1-0"]
[WhiteElo "2640"]
[BlackElo "2448"]
[TimeControl "180+1"]
[EndTime "11:49:57 PDT"]
[Termination "EvgenyRomanov won on time"]

1. c4 e5 2. g4 h5 3. gxh5 Nf6 4.
h6 d5 5. hxg7 Bxg7 6. d3 dxc4 7.
Nc3 cxd3 8. e4 Nc6 9. Bxd3 Bg4 10.
f3 Be6 11. Be3 Qd7 12. Bb5 O-O-O 13. Qxd7+ Bxd7 14. Rd1 Nd4 15. Bxd7+ Rxd7 16. Kf2 c6 17. Nge2 Nh5 18. Rhg1 Bf6 19. Rg4 Ng7 20. Kg2 Nge6 21.
Ng3 Rhd8 22. Rd2 Nf5 23. exf5 Rxd2+ 24. Bxd2 Rxd2+ 25. Kf1 Nd4 26. Nge4 Rxb2 27. Nxf6 Nxf3 28. Rg8+ Kc7 29. h3 Rc2 30. Nfe4 Nh2+ 31. Ke1 Nf3+ 32. Kd1 Rh2 33. Rg3 Nd4 34. f6 Rh1+ 35. Kd2 Rh2+ 36. Kd3 b5 37. Ng5 Rf2 38. Nce4 Rxa2 39. Nxf7 Ra3+ 40. Kd2 Ra2+ 41. Kc3 a5 42. Nxe5 Ne2+ 43. Kb3 1-0

[Event "*** Titled Tuesday Blitz"]
[Site "Chess.com"]
[Date "2020.04.21"]
[Round "9"]
[White "GMJustin"]
[Black "AshotParvanyan"]
[Result "1-0"]
[WhiteElo "2402"]
[BlackElo "2501"]
[TimeControl "180+1"]
[EndTime "11:49:57 PDT"]
[Termination "GMJustin won on time"]

1. e4 e6 2. f4 d5 3. e5 c5 4. Nf3 Nc6 5. c3 Nh6 6. Na3 Nf5 7. Nc2 d4 8. Bd3 Be7 9. O-O h5 10. Be4 h4 11. c4 Qc7 12. d3 b6 13. b4 cxb4 14. a3 b3 15. Nb4 Bb7 16. Bxf5 Nxb4 17. axb4 exf5 18. Qxb3 h3 19. g3 O-O 20. b5 a5 21.
bxa6 Bxa6 22. Ba3 Bb7 23. Bxe7 Qxe7 24. Qxb6 Rxa1 25. Rxa1 Bxf3 26. Qxd4 Rd8 27. Qe3 Bg2 28. d4 Qb7 29. d5 Qb2 30. Re1 Be4 31. Qe2 Qd4+ 32. Qf2 Qxc4 33. d6 Qc6 34. Qd2 Rb8 35.
Rc1 Qb5 36. d7 Qb6+ 37. Qf2 Qxf2+ 38. Kxf2 Kh7 39. Rc8 Rb2+ 40. Ke3 1-0

[Event "*** Titled Tuesday Blitz"]
[Site "Chess.com"]
[Date "2020.04.21"]
[Round "9"]
[White "DishonorOnYourCow"]
[Black "InitiatingASC"]
[Result "1/2-1/2"]
[WhiteElo "2324"]
[BlackElo "2459"]
[TimeControl "180+1"]
[EndTime "11:49:58 PDT"]
[Termination "Game drawn by repetition"]

1. d4 Nf6 2. c4 e6 3. Nf3 d5 4. Nc3 c5 5. cxd5 exd5 6. Bg5 Nc6 7. e3 cxd4 8. Nxd4 Be7 9. Bb5 Qd6 10. Bf4 Qc5 11.
Nb3 Qb6 12. O-O Be6 13. Na4 Qd8 14. Nd4 Rc8 15. Rc1 O-O 16. Nxc6 bxc6 17. Ba6 Qa5 18. Bxc8 Rxc8 19. b3 c5 20. Qe2 Ne4 21. h3 c4 22. Qc2 Ba3 23. Rb1 Nd2 24. b4 Bxb4 25. Rfd1 Nxb1 26. Rxb1 g6 27. Be5 Bf5 28. Qc1 Qxa4 29.
Rb2 Ba3 30. e4 Bxe4 31. Qh6 Bf8 32. Qh4 Qd1+ 33. Kh2 Qh5 34. Qf6 Qxe5+ 35. Qxe5 Rd8 36. Rb8 Rxb8 37. Qxb8 c3 38. Qc7 c2 39. Qc3 Bh6 40. Qc8+ Kg7 41. Qc3+ Kg8 42. Qc8+ Bf8 43. Qc3 Bg7 44.
Qc8+ Bf8 45. Qc3 1/2-1/2

[Event "*** Titled Tuesday Blitz"]
[Site "Chess.com"]
[Date "2020.04.21"]
[Round "9"]
[White "Tpros"]
[Black "DACF2905"]
[Result "1-0"]
[WhiteElo "2394"]
[BlackElo "2179"]
[TimeControl "180+1"]
[EndTime "11:50:00 PDT"]
[Termination "Tpros won by resignation"]

1. c4 e5 2. d3 Nf6 3. a3 c6 4. Nf3 Qc7 5. Qc2 d6 6. Nc3 Be7 7. g3 h6 8. Bg2 O-O 9. b4 a5 10. Rb1 Nbd7 11. b5 Nc5 12. h3 Bf5 13. e4 Bh7 14. Be3 Ne6 15. bxc6 bxc6 16. O-O Rfb8 17.
Na4 c5 18. Rxb8+ Rxb8 19. Rb1 Nd7 20. h4 Nd4 21. Bxd4 cxd4 22. Bh3 Nc5 23. Nxc5 dxc5 24. Rb5 Bd6 25. a4 Bg6 26. Bg4 f6 27. Be6+ Kf8 28. Nd2 Be8 29. Qd1 Bxb5 30. cxb5 c4 31. Nxc4 Qe7 32. Bd5 Bb4 33. h5 Rc8 34. Qg4 Rd8 35. Qf5 Qd7 36. Qh7 Qg4 37. b6 Ke7 38. b7 Bd6 39. Nxa5 Rf8 40. Nc6+ Kd7 41. a5 Kc7 42. a6 Bc5 43. a7 Bxa7 44. Nxa7 Rb8 45. Nb5+ Kb6 46. Nd6 Kc5 47. Nf5 Qxh5 48. Qxg7 Qd1+ 49. Kg2 Qxd3 50. Qc7+ Kb4 51. Qxb8 Qb5 52. Qf8+ 1-0

[Event "*** Titled Tuesday Blitz"]
[Site "Chess.com"]
[Date "2020.04.21"]
[Round "9"]
[White "karinachess1"]
[Black "ElHelvetico"]
[Result "0-1"]
[WhiteElo "2478"]
[BlackElo "2652"]
[TimeControl "180+1"]
[EndTime "11:50:01 PDT"]
[Termination "ElHelvetico won by checkmate"]

1. d4 f5 2. Nc3 Nf6 3. Bf4 d6 4. e3 g6 5. Bd3 Bg7 6. e4 fxe4 7. Nxe4 O-O 8. Bg3 c5 9. Ne2 cxd4 10. Nxd4 Qb6 11. c3 Nxe4 12. Bxe4 Qxb2 13. O-O Qxc3 14. Nb5 Qb4 15. Rb1 Qxe4 16. Nc7 Bf5 17. Qb3+ Kh8 18.
Nxa8 Na6 19. Rfe1 Nc5 20. Qa3 Qc6 21.
Rbc1 Rxa8 22. Rxe7 Re8 23. Rxe8+ Qxe8 24. Bxd6 Nd3 25.
Rf1 Bd4 26. Bg3 Kg7 27. h3 Qe2 28. Qd6 Bc5 29. Qc7+ Qe7 30. Qb8 a5 31. Qa8 b6 32.
Qb8 a4 33. Bc7 Qe2 34. Bg3 Qxa2 35. Qc7+ Qf7 36. Be5+ Nxe5 37. Qxe5+ Qf6 38. Qc7+ Qe7 39. Qf4 a3 40. g4 Bd3 41. Rd1 a2 42. Qc1 Qe2 43. Rd2 Bxf2+ 44. Kh2 Qe5+ 45. Kg2 Qg3+ 46. Kh1 Be4# 0-1

[Event "*** Titled Tuesday Blitz"]
[Site "Chess.com"]
[Date "2020.04.21"]
[Round "9"]
[White "claudyna16"]
[Black "zmeeed67"]
[Result "1/2-1/2"]
[WhiteElo "2516"]
[BlackElo "2389"]
[TimeControl "180+1"]
[EndTime "11:50:01 PDT"]
[Termination "Game drawn by repetition"]

1. c4 e6 2. g3 d5 3. Bg2 Nf6 4. Nf3 Be7 5. O-O O-O 6. d4 c6 7. Nbd2 Nbd7 8. Qc2 b6 9. e4 Bb7 10. e5 Ne8 11. b3 Rc8 12. Bb2 c5 13. Rad1 b5 14.
cxb5 cxd4 15. Qb1 Nc5 16. Nxd4 Qb6 17. Rfe1 Nc7 18. a4 a6 19. Bf1 axb5 20. axb5 Ne4 21. Nxe4 dxe4 22. Ba1 Bb4 23. Re3 Nd5 24. Rxe4 Nc3 25. Bxc3 Bxc3 26. Rf4 Rfd8 27. Nc6 Bxc6 28. bxc6 Rxd1 29. Qxd1 Qxc6 30. Rc4 Qe8 31. f4 Rxc4 32.
Bxc4 Bb4 33. Kg2 g6 34. Qf3 Kg7 35. Qe4 Qe7 36. h4 h6 37. Kh3 h5 38. Qc6 Bc5 39.
Bb5 Bb4 40. Qd7 Qxd7 41. Bxd7 Kf8 42. Kg2 Ke7 43. Bb5 Kd8 44. Kf3 Ke7 45. g4 hxg4+ 46. Kxg4 Kd8 47. Ba4 Ke7 48. h5 gxh5+ 49. Kxh5 Bd2 50.
Kg4 Bb4 51. Bb5 Bd2 52. Kf3 Bb4 53. Ke4 Ba3 54. Bc6 Bb4 55. Kd3 Ba3 56. Bf3 Bc1 57. Ke4 Ba3 58. Bh5 Bb4 59. f5 exf5+ 60. Kxf5 Bc3 61.
Ke4 Bb4 62. Kd5 Ba3 63. Bg4 Bb4 64. Bf3 Ba3 65. Bg4 Bb4 66. Bf3 Ba3 67. Bg4 1/2-1/2